 Dungeon Crawl Stone Soup version 0.19-a0-1922-g1e9a4c1 (webtiles) character file.

68771 mrath the Basher (level 14, -13/127 HPs)
             Began as a Minotaur Fighter on Oct 25, 2016.
             Was a High Priest of Okawaru.
             Mangled by an orc warrior
             ... wielding a +0 trident
             ... led by an orc warlord
              (16 damage)
             ... while paralysed by an orc sorcerer
             ... on level 2 of the Orcish Mines.
             The game lasted 02:12:28 (24294 turns).

mrath the Basher (Minotaur Fighter)                Turns: 24294, Time: 02:12:30

Health: -13/127    AC: 31    Str: 26    XL:     14   Next: 87%
Magic:  26/27      EV:  2    Int:  8    God:    Okawaru [*****.]
Gold:   1606       SH:  0    Dex: 12    Spells: 0 memorised, 13 levels left

rFire  . . .     SeeInvis +     C - +4 whip (drain)
rCold  + + .     Gourm    .     c - +4 plate armour {rC+}
rNeg   . . .     Faith    .     z - +0 shield {rC+}
rPois  +         Spirit   .     (helmet restricted)
rElec  +         Reflect  +     p - +2 cloak
rCorr  .         Harm     .     X - +0 pair of gloves "Hioraagg" {MP+9 Int+3}
MR     +....                    k - +2 pair of boots
Stlth  ..........               G - +5 amulet of reflection
                                q - +2 ring of dexterity
                                j - ring of see invisible

@: paralysed, heroism, drained
A: retaliatory headbutt, horns 2, rugged brown scales 1, poison resistance,
electricity resistance
a: Heroism, Finesse, Renounce Religion


You were on level 2 of the Orcish Mines.
You worshipped Okawaru.
Okawaru was extremely pleased with you.
You were not hungry.

You visited 4 branches of the dungeon, and saw 21 of its levels.
You also visited: Sewer and Ice Cave.

You collected 1606 gold pieces.

Inventory:

Hand Weapons
 a - a +0 eveningstar of holy wrath
 e - the +4 demon blade of the Eel {venom, rElec rF++ Dex-4 Stlth+, unknown}
   (You found it on level 12 of the Dungeon)

   It poisons the flesh of those it strikes.
   It affects your dexterity (-4).
   It greatly protects you from fire.
   It insulates you from electricity.
   It makes you more stealthy.
 g - a +1 quarterstaff of crushing
 C - a +4 whip of draining (weapon)
Missiles
 n - 10 poisoned javelins
 o - a tomahawk
 N - 6 poisoned tomahawks (quivered)
 P - 8 tomahawks of returning
Armour
 c - a +4 plate armour of cold resistance (worn)
 k - a +2 pair of boots (worn)
 p - a +2 cloak (worn)
 z - a +0 shield of cold resistance (worn)
 X - the +0 pair of gloves "Hioraagg" (worn) {MP+9 Int+3}
   (Okawaru gifted it to you on level 2 of the Lair of Beasts)

   It affects your intelligence (+3).
   It affects your magic capacity (+9).
Magical Staves
 f - an uncursed staff of cold {unknown}
Jewellery
 j - a ring of see invisible (left hand)
 q - a +2 ring of dexterity (right hand)
 G - a +5 amulet of reflection (around neck)
 Y - an uncursed ring of protection from cold
Wands
 b - a wand of acid (15/15)
 L - a wand of digging (9/24)
 W - a wand of disintegration (8/24)
Scrolls
 h - 6 scrolls of teleportation
 l - 3 scrolls of identify
 s - 5 scrolls of magic mapping
 v - a scroll of blinking
 w - 5 scrolls of fear
 D - 8 scrolls of remove curse
Potions
 d - 5 potions of might
 t - 2 potions of invisibility
 A - 4 potions of lignification
 B - 4 potions of curing
 Q - 3 potions of heal wounds
Miscellaneous
 r - a phial of floods
 K - a box of beasts
Comestibles
 m - 6 beef jerkies
 J - 16 fruits


   Skills:
 + Level 11.6(16.0) Fighting
 + Level 13.0(17.4) Maces & Flails
 + Level 10.1(14.5) Throwing
 + Level 11.8(16.3) Armour
 + Level 10.9(15.3) Dodging
 + Level 12.2(16.6) Shields
 - Level 7.9(7.4) Invocations
 + Level 7.7(7.2) Evocations


You had 13 spell levels left.
You didn't know any spells.

Dungeon Overview and Level Annotations

Branches:
Dungeon (12/15)            Temple (1/1) D:4            Lair (6/6) D:9
  Swamp (0/4) Lair:2        Snake (0/4) Lair:2        Slime (0/5) Lair:5
    Orc (2/2) D:12            Elf (0/3) Orc:2

Altars:
Ashenzari
Cheibriados
Dithmenos
Elyvilon
Fedhas
Gozag
Hepliaklqana
Kikubaaqudgha
Makhleb
Nemelex Xobeh
Okawaru
Qazlal
Ru
Sif Muna
Trog
Uskayaw
Vehumet
Xom
Yredelemnul
Zin
The Shining One
Jiyva

Shops:
D:5 =   D:6 [

Annotations:
Lair:5 1 runed door


Innate Abilities, Weirdness & Mutations

You reflexively headbutt those who attack you in melee.
You have a pair of horns on your head.
You are partially covered in rugged brown scales. (AC +1, +3% HP)
Your system is resistant to poisons. (rPois)
You are resistant to electric shocks. (rElec)


Message History

The orc sorcerer points at you and mumbles some strange words.
The bolt of negative energy hits you!
You feel drained.
The bolt of negative energy hits the orc priest.
The orc priest is drained!
The orc priest dies!
The sun demon hits you but does no damage.
The orc warrior hits you from afar with a trident!!
* * * LOW HITPOINT WARNING * * *
The orc warrior hits you from afar with a glaive of flaming.
* * * LOW HITPOINT WARNING * * *
The orc warrior burns you.
* * * LOW HITPOINT WARNING * * *
All of the chunks of flesh in your inventory have rotted away.
The orc warlord hits you with a great mace!
* * * LOW HITPOINT WARNING * * *
The sun demon hits you but does no damage.
The orc throws a tomahawk.
The tomahawk hits you but does no damage.
The orc warrior hits you from afar with a trident!
You die...

.....$...... .
##....$......
..#.......$....
...............
#..............
.....o.........
....oooooo.....
#o.o@..>....
#...oo3o......#
#...oo.T....###
+..........##
#..........#
....#.....##
..........#
..........#


You could see an orc warlord, a sun demon, a troll, an orc sorcerer, 5 orc
warriors, an orc priest, 2 orc wizards and 4 orcs.

Vanquished Creatures
  A tengu reaver (D:12)
  A fire giant (D:12)
  A frost giant (IceCv)
  The ghost of whitenoisemaker the Impaler, a journeyman DsGl of Gozag (Lair:5)
  Snorg (Lair:4)
  A fire dragon (Lair:6)
  9 hydras
  Erolcha (D:11)
  A catoblepas (Lair:6)
  2 death knights (D:12)
  8 death yaks
  Urug (Lair:3)
  The ghost of Zenonira the Cleaver, a novice FoFi (D:8)
  2 skeletal warriors (D:12)
  A lindwurm (Lair:6)
  Pikel (D:5)
  A hill giant (D:10)
  An ugly thing (D:11)
  A wolf spider (D:12)
  A manticore (D:11)
  A deep elf mage (D:12)
  6 black mambas
  7 elephants
  3 ice statues (IceCv)
  3 molten gargoyles (Lair:6)
  7 spiny frogs
  2 rime drakes (Lair:2)
  17 komodo dragons
  A tengu conjurer (D:12)
  18 polar bears
  A two-headed ogre (D:11)
  6 trolls
  Prince Ribbit (D:6)
  3 blink frogs (Lair:1)
  8 hippogriffs
  A hornet (D:11)
  A spriggan (Lair:3)
  Sigmund (D:5)
  43 yaks
  A tarantella (shapeshifter) (D:12)
  2 wraiths (D:12)
  A wyvern (Lair:6)
  3 shadows (D:12)
  10 basilisks
  2 steam dragons (Lair:6)
  A hungry ghost (D:12)
  2 mottled dragons
  4 hell hounds (Lair:6)
  16 water moccasins
  4 porcupines
  An ice beast (D:11)
  2 black bears
  8 orc warriors
  2 eyes of draining
  2 phantoms (D:12)
  11 ogres
  20 wolves
  7 centaurs
  21 crocodiles
  Blork the orc (D:5)
  16 bullfrogs
  2 big kobolds
  2 scorpions
  11 killer bees
  11 wights
  2 howler monkeys
  5 lava snakes (Lair:6)
  2 crimson imps
  5 hounds
  2 bullfrog zombies
  5 jellies
  A gnoll shaman (Orc:1)
  5 orc priests
  Crazy Yiuf (D:6)
  8 orc wizards
  3 bullfrog skeletons
  6 iguanas
  7 hell rats (Lair:5)
  9 worker ants
  A hound skeleton (D:8)
  13 gnolls
  2 howler monkey skeletons
  A river rat (D:9)
  13 adders
  5 shadow imps
  A white imp (D:5)
  2 oozes
  An adder skeleton (D:8)
  2 worms
  2 dart slugs
  7 leopard geckos
  59 orcs
  3 ball pythons
  19 bats
  8 giant cockroaches
  6 goblins
  7 hobgoblins
  2 jackals (D:9)
  7 quokkas
  16 frilled lizards
  A jackal zombie (D:8)
  16 kobolds
  A quokka skeleton (D:7)
  15 rats
  A fungus (Lair:3)
602 creatures vanquished.

Vanquished Creatures (others)
  A cyclops (D:12)
  2 centaurs
  A bullfrog (D:6)
  A centaur skeleton (D:6)
  An orc priest (Orc:2)
  17 fungi
  6 plants
29 creatures vanquished.

Grand Total: 631 creatures vanquished

Notes
Turn   | Place    | Note
-------+----------+-------------------------------------------
     0 | D:1      | mrath the Minotaur Fighter began the quest for the Orb.
     0 | D:1      | Reached XP level 1. HP: 19/19 MP: 0/0
    45 | D:1      | Reached skill level 3 in Maces & Flails
    45 | D:1      | Reached XP level 2. HP: 22/26 MP: 1/1
   362 | D:1      | Reached skill level 4 in Maces & Flails
   552 | D:1      | Reached XP level 3. HP: 31/31 MP: 2/2
  1457 | D:2      | Reached skill level 5 in Maces & Flails
  1585 | D:2      | Reached XP level 4. HP: 23/39 MP: 3/3
  2032 | D:2      | Reached skill level 6 in Maces & Flails
  2357 | D:3      | Found a glowing drain.
  2394 | D:3      | Reached XP level 5. HP: 37/45 MP: 4/4
  2565 | Sewer    | Entered a sewer
  3032 | Sewer    | Reached skill level 7 in Maces & Flails
  3909 | D:4      | Found a staircase to the Ecumenical Temple.
  3918 | Temple   | Entered the Ecumenical Temple
  3970 | Temple   | Became a worshipper of Warmaster Okawaru
  4301 | D:5      | Entered Level 5 of the Dungeon
  4338 | D:5      | Reached skill level 1 in Dodging
  4338 | D:5      | Reached XP level 6. HP: 52/52 MP: 5/5
  4343 | D:5      | Reached skill level 1 in Throwing
  4724 | D:5      | Found Ceve's Jewellery Boutique.
  4935 | D:5      | Reached XP level 7. HP: 24/60 MP: 6/6
  5128 | D:5      | Reached * piety under Okawaru
  5282 | D:5      | Noticed Blork the orc
  5290 | D:5      | Killed Blork the orc
  5352 | D:5      | Noticed Sigmund
  5370 | D:5      | Killed Sigmund
  5370 | D:5      | Reached skill level 5 in Fighting
  5370 | D:5      | Reached skill level 5 in Armour
  5370 | D:5      | Reached skill level 5 in Shields
  5851 | D:6      | Noticed Pikel
  5880 | D:5      | Killed Pikel
  5880 | D:5      | Reached ** piety under Okawaru
  5880 | D:5      | Reached skill level 8 in Maces & Flails
  5880 | D:5      | Reached XP level 8. HP: 67/69 MP: 5/7
  5911 | D:6      | Found Jauhialoe's Antique Armour Shoppe.
  6051 | D:6      | Noticed Prince Ribbit
  6060 | D:6      | Killed Prince Ribbit
  6060 | D:6      | Reached *** piety under Okawaru
  6170 | D:6      | Found a runed door.
  6174 | D:6      | Noticed Crazy Yiuf
  6178 | D:6      | Killed Crazy Yiuf
  6178 | D:6      | Reached XP level 9. HP: 74/75 MP: 8/8
  6458 | D:7      | Found a hazy altar of Hepliaklqana.
  6824 | D:8      | Reached skill level 1 in Invocations
  7016 | D:8      | Noticed Zenonira's ghost (novice FoFi)
  7039 | D:8      | Killed Zenonira's ghost
  7039 | D:8      | Reached **** piety under Okawaru
  7039 | D:8      | Reached skill level 9 in Maces & Flails
  7039 | D:8      | Reached skill level 5 in Dodging
  7039 | D:8      | Reached skill level 1 in Evocations
  7323 | D:8      | Received a gift from Okawaru
  7756 | D:8      | Reached skill level 5 in Throwing
  7780 | D:8      | Reached XP level 10. HP: 82/86 MP: 8/10
  8028 | D:9      | Received a gift from Okawaru
  8108 | D:9      | Found a snail-covered altar of Cheibriados.
  8530 | D:9      | Found a staircase to the Lair.
  8848 | D:9      | Received a gift from Okawaru
  9095 | Lair:1   | Entered Level 1 of the Lair of Beasts
  9145 | Lair:1   | Reached ***** piety under Okawaru
  9381 | Lair:1   | Noticed a spiny frog
  9399 | Lair:1   | Killed a spiny frog
  9399 | Lair:1   | Reached skill level 10 in Maces & Flails
  9399 | Lair:1   | Reached XP level 11. HP: 91/94 MP: 11/13
  9475 | Lair:1   | Received a gift from Okawaru
  9480 | Lair:1   | Got a pair of scorched gloves {god gift}
  9481 | Lair:1   | Identified the -2 pair of gloves of a volcano {+Fly Stlth+} (Okawaru gifted it to you on level 1 of the Lair of Beasts)
 10670 | Lair:2   | Noticed a four-headed hydra
 10683 | Lair:2   | Killed a four-headed hydra
 10683 | Lair:2   | Reached skill level 5 in Invocations
 11040 | Lair:2   | Noticed a four-headed hydra
 11059 | Lair:2   | Killed a four-headed hydra
 11101 | Lair:2   | Found a staircase to the Swamp.
 11579 | Lair:2   | Found a staircase to the Snake Pit.
 11611 | Lair:2   | Received a gift from Okawaru
 11611 | Lair:2   | Reached XP level 12. HP: 85/104 MP: 13/15
 11614 | Lair:2   | Got a pair of translucent gloves {god gift}
 11678 | Lair:2   | Identified the +0 pair of gloves "Hioraagg" {MP+9 Int+3} (Okawaru gifted it to you on level 2 of the Lair of Beasts)
 12806 | Lair:3   | Noticed Urug
 12817 | Lair:3   | Killed Urug
 13606 | Lair:4   | Noticed Snorg
 13629 | Lair:4   | Killed Snorg
 13629 | Lair:4   | Reached skill level 11 in Maces & Flails
 13752 | Lair:4   | Noticed a five-headed hydra
 13767 | Lair:4   | Killed a five-headed hydra
 13767 | Lair:4   | Reached skill level 5 in Evocations
 13826 | Lair:4   | Reached skill level 10 in Shields
 14383 | Lair:5   | Reached skill level 10 in Armour
 14485 | Lair:5   | Found a runed door.
 14485 | Lair:5   | Found a viscous altar of Jiyva.
 14491 | Lair:5   | Noticed whitenoisemaker's ghost (journeyman DsGl)
 14491 | Lair:5   | Found a staircase to the Slime Pits.
 14552 | Lair:5   | Killed whitenoisemaker's ghost
 14975 | Lair:5   | Noticed a six-headed hydra
 14986 | Lair:5   | Killed a six-headed hydra
 15175 | Lair:6   | Entered Level 6 of the Lair of Beasts
 15366 | Lair:6   | Noticed a seven-headed hydra
 15394 | Lair:6   | Killed a seven-headed hydra
 15403 | Lair:6   | Reached XP level 13. HP: 111/113 MP: 17/17
 15416 | Lair:6   | Reached skill level 10 in Fighting
 15733 | Lair:6   | Received a gift from Okawaru
 16118 | Lair:6   | Received a gift from Okawaru
 16129 | Lair:6   | HP: 5/113 [yak (3)]
 16831 | Lair:6   | Found a large runed door.
 16831 | Lair:6   | Noticed a fire dragon
 16846 | Lair:6   | Found a large runed door.
 18167 | Lair:6   | Reached skill level 12 in Maces & Flails
 19035 | Lair:6   | Killed a fire dragon
 19035 | Lair:6   | Reached skill level 10 in Dodging
 19043 | Lair:6   | Received a gift from Okawaru
 19137 | Lair:2   | Identified 4 scrolls of acquirement
 19225 | D:10     | Entered Level 10 of the Dungeon
 19240 | D:10     | Reached XP level 14. HP: 120/122 MP: 18/18
 19865 | D:11     | Found a frozen archway.
 19925 | IceCv    | Entered an ice cave
 20093 | IceCv    | Received a gift from Okawaru
 20487 | IceCv    | Received a gift from Okawaru
 20536 | IceCv    | Noticed a frost giant
 20547 | IceCv    | Killed a frost giant
 20547 | IceCv    | Received a gift from Okawaru
 21151 | D:11     | Noticed Erolcha
 21161 | D:11     | Killed Erolcha
 21733 | D:12     | Found a staircase to the Orcish Mines.
 21886 | D:12     | Received a gift from Okawaru
 22706 | D:12     | Noticed a tengu reaver
 23006 | D:12     | Killed a tengu reaver
 23006 | D:12     | Received a gift from Okawaru
 23335 | D:12     | Received a gift from Okawaru
 23335 | D:12     | Reached skill level 10 in Throwing
 23336 | D:12     | Noticed a fire giant
 23343 | D:12     | Killed a fire giant
 23343 | D:12     | Received a gift from Okawaru
 23569 | Lair:2   | Gained mutation: You are resistant to electric shocks. (rElec) [potion of beneficial mutation]
 23570 | Lair:2   | Gained mutation: You are partially covered in rugged brown scales. (AC +1, +3% HP) [potion of beneficial mutation]
 23571 | Lair:2   | Gained mutation: Your system is resistant to poisons. (rPois) [potion of beneficial mutation]
 23712 | D:12     | Got a polished demon blade
 23773 | Orc:1    | Entered Level 1 of the Orcish Mines
 23805 | Orc:1    | Reached skill level 13 in Maces & Flails
 24285 | Orc:2    | Entered Level 2 of the Orcish Mines
 24285 | Orc:2    | Found a staircase to the Elven Halls.
 24285 | Orc:2    | Noticed an orc warlord
 24291 | Orc:2    | Paralysed by an orc sorcerer for 7 turns
 24294 | Orc:2    | HP: 3/127 [orc warlord/great mace (16)]
 24294 | Orc:2    | Mangled by an orc warrior

Vault maps used:
D:1:      dpeg_arrival_renting
D:2:      first_bread
D:3:      gup_sewer_entry_glass
D:4:      mrwooster_statue_mirror, minivault_26, grunt_decor_resistance,
          hangedman_glass_teeth
D:5:      serial_shops, shop, minmay_fire_ice_demons, uniq_sigmund,
          uniq_blork_the_orc
D:6:      serial_shops, nicolae_shop_statue_plus, dk_vineyard_3,
          uniq_crazy_yiuf_cottage, uniq_pikel, uniq_prince_ribbit1
D:7:      basic_altar
D:9:      grunt_lair_entry_orc_guard_hut, cheibriados_altar_1
D:11:     portal_ice_cave_entry_pillars_2, uniq_erolcha
D:12:     hiddenorc2_lemuel, grunt_tengu_nest,
          minmay_checkered_concentric_circles
Temple:   grunt_wide_crystal_templ
Lair:1:   st_stairs_5, beast_lair_carwin_6, grunt_megastairs_3,
          serial_bayou_shore_b
Lair:2:   minmay_swamp_entry_reptiles, dummy_snake_entry
Lair:3:   grunt_forest_stairs_clearing, infiniplex_staircase_pool_2,
          grunt_megastairs_2, uniq_urug
Lair:4:   serial_forest, infiniplex_forest_corner_1,
          infiniplex_forest_straight_2, infiniplex_forest_clump_long,
          infiniplex_forest_straight_3, infiniplex_forest_lined_room_2,
          infiniplex_forest_straight_1, uniq_snorg
Lair:5:   slime_altar_2, grunt_megastairs_4
Lair:6:   cheibrodos_lair_end_hotspot
Orc:2:    grunt_orc_community_town_hall, grunt_orc_community_big_house_1,
          grunt_orc_community_big_house_2, grunt_orc_community_house_1,
          grunt_orc_community_house_2, grunt_orc_community_house_3,
          grunt_orc_community_house_3
Sewer:    sewer_co_cracked_pipes
IceCv:    ice_cave_small_giant

Skill      XL: |  1  2  3  4  5  6  7  8  9 10 11 12 13 14 |
---------------+-------------------------------------------+-----
Maces & Flails | 3 4 5 6 7 8 9 10 11 12 13 | 13.0
Dodging        | 1 3 4 5 6 7 8 10 | 10.9
Throwing       | 1 3 4 5 6 7 8 9 10 | 10.1
Armour         | 4 5 6 7 8 9 10 11 | 11.8
Shields        | 4 5 6 7 8 9 10 11 12 | 12.2
Fighting       | 4 5 6 7 8 9 10 11 | 11.6
Invocations    | 2 4 5 6 7 |  7.9
Evocations     | 2 3 4 5 6 7 |  7.7

Action                   |  1- 3 |  4- 6 |  7- 9 | 10-12 | 13-15 || total
-------------------------+-------+-------+-------+-------+-------++-------
Melee: Flail             |    89 |   174 |    61 |       |       ||   324
       Headbutt          |    17 |    33 |    65 |   224 |   331 ||   670
       Whip              |       |       |   179 |   940 |  1221 ||  2340
       Eveningstar       |       |       |       |       |    11 ||    11
Throw: Stone             |       |     3 |     9 |    16 |     4 ||    32
       Javelin           |       |       |       |     1 |    31 ||    32
       Tomahawk          |       |       |       |       |    96 ||    96
Invok: Heroism           |       |       |     9 |    19 |    25 ||    53
       Finesse           |       |       |       |     7 |     9 ||    16
  Use: Scroll            |       |     1 |     3 |    15 |    10 ||    29
       Potion            |       |       |       |       |     3 ||     3
  Eat: Chunk             |     2 |    10 |     9 |    16 |    23 ||    60
       Meat ration       |       |       |       |     1 |     1 ||     2
       Bread ration      |       |       |       |     1 |       ||     1
       Fruit             |       |       |       |       |     1 ||     1
Armor: Scale mail        |    55 |    30 |       |       |       ||    85
       Chain mail        |       |    21 |    46 |    15 |       ||    82
       Plate armour      |       |       |       |   202 |   322 ||   524
Dodge: Dodged            |    40 |    35 |    37 |   167 |   242 ||   521
Block: Shield            |    70 |    76 |   110 |   504 |   726 ||  1486
       Reflection        |       |       |       |     9 |    21 ||    30
